 Dungeon Crawl Stone Soup version 0.20.1-1-g8b1a95d (webtiles) character file.

9658 Gatuga the Thaumaturge (level 11, -7/59 HPs)
             Began as a Deep Elf Earth Elementalist on July 17, 2017.
             Was an Elder of Sif Muna.
             Killed from afar by a gargoyle (18 damage)
             ... with a stone arrow
             ... on level 12 of the Dungeon on July 18, 2017.
             The game lasted 01:49:52 (11691 turns).

Gatuga the Thaumaturge (DEEE)                      Turns: 11691, Time: 01:49:53

Health: -7/59      AC: 11    Str:  5    XL:     11   Next: 25%
Magic:  23/30      EV: 14    Int: 27    God:    Sif Muna [****..]
Gold:   870        SH:  0    Dex: 15    Spells: 21/36 levels left

rFire    . . .     SeeInvis +   i - +4 dagger (elec)
rCold    . . .     Gourm    .   (no shield)
rNeg     + . .     Faith    .   D - +3 leather armour
rPois    .         Spirit   .   R - +0 hat of Immorality {rN+ Int+3 Stlth+}
rElec    .         Reflect  .   (no cloak)
rCorr    .         Harm     .   G - +1 pair of gloves
MR       +....                  q - +2 pair of boots
Stlth    ++++......             F - amulet of regeneration
Regen    0.6/turn               H - ring of flight
MPRegen  0.3/turn               J - ring of see invisible

@: no status effects
A: no striking features
a: Divine Energy, Channel Magic, Forget Spell, Renounce Religion, Evoke Flight


You were on level 12 of the Dungeon.
You worshipped Sif Muna.
Sif Muna was greatly pleased with you.
You were not hungry.

You visited 3 branches of the dungeon, and saw 14 of its levels.

You collected 870 gold pieces.

Inventory:

Hand Weapons
 i - a +4 dagger of electrocution (weapon)
 x - a +2 vampiric dagger
 z - a +2 short sword of speed
Missiles
 b - 121 stones (quivered)
Armour
 q - a +2 pair of boots (worn)
 D - a +3 leather armour (worn)
 G - a +1 pair of gloves (worn)
 R - the +0 hat of Immorality (worn) {rN+ Int+3 Stlth+}
   (You found it on level 12 of the Dungeon)

   It affects your intelligence (+3).
   It protects you from negative energy.
   It makes you more stealthy.
Magical Staves
 k - an uncursed staff of conjuration
Jewellery
 C - a cursed -2 ring of dexterity {unknown}
 F - an amulet of regeneration (around neck)
 H - a ring of flight (left hand)
 J - a ring of see invisible (right hand)
 O - a +1 ring of evasion
 P - a cursed amulet of inaccuracy {unknown}
Wands
 r - a wand of disintegration (12/24)
 E - a wand of flame (22/48)
 N - a wand of polymorph (12/24)
 S - a wand of random effects (24/48)
Scrolls
 c - a scroll of teleportation
 f - 3 scrolls of magic mapping
 o - 4 scrolls of amnesia
 s - 4 scrolls of identify
 t - 5 scrolls of remove curse
 u - a scroll of fear
 v - 3 scrolls of enchant weapon
 B - 3 scrolls of recharging
 M - 2 scrolls of enchant armour
 Q - a scroll of fog
 T - a scroll of silence {unknown}
 U - a scroll of vulnerability {unknown}
Potions
 a - 2 potions of might {unknown}
 g - 2 potions of degeneration {unknown}
 l - 4 potions of magic
 m - 3 potions of brilliance {unknown}
 n - 2 potions of flight {unknown}
 w - 2 potions of mutation {unknown}
 I - 3 potions of curing
 K - a potion of lignification {unknown}
 L - a potion of agility {unknown}
 V - a potion of cancellation {unknown}
Books
 e - a book of Geomancy

   Spells                             Type                      Level
   a - Sandblast                      Earth                        1
   b - Passwall                       Transmutation/Earth          2
   c - Stone Arrow                    Conjuration/Earth            3
   d - Petrify                        Transmutation/Earth          4
   e - Lee's Rapid Deconstruction     Earth                        5
 y - a book of Misfortune

   Spells                             Type                      Level
   a - Confusing Touch                Hexes                        1
   b - Confuse                        Hexes                        3
   c - Gell's Gravitas                Translocation                3
   d - Petrify                        Transmutation/Earth          4
   e - Metabolic Englaciation         Hexes/Ice                    5
   f - Yara's Violent Unravelling     Hexes/Transmutation          5
Comestibles
 d - 6 bread rations
 h - 2 royal jellies
 j - 11 meat rations
 p - 7 fruits


   Skills:
 + Level 2.7 Fighting
 + Level 5.3 Short Blades
 + Level 3.1 Armour
 + Level 5.9 Dodging
 + Level 6.3 Stealth
 + Level 13.2 Spellcasting
 + Level 3.7 Conjurations
 + Level 1.7 Transmutations
 + Level 11.0 Earth Magic


You had 21 spell levels left.
You knew the following spells:

 Your Spells              Type           Power        Failure   Level  Hunger
a - Sandblast             Erth           ######       1%          1    None
b - Stone Arrow           Conj/Erth      ######       1%          3    None
c - Passwall              Tmut/Erth      ######....   1%          2    None
d - Lee's Rapid Deconstr  Erth           ######....   1%          5    ##.....
e - Petrify               Tmut/Erth      ######..     3%          4    None


Dungeon Overview and Level Annotations

Branches:
Dungeon (12/15)            Temple (1/1) D:5            Lair (0/6) D:10
    Orc (1/2) D:9

Altars:
Ashenzari
Cheibriados
Dithmenos
Elyvilon
Fedhas
Gozag
Hepliaklqana
Kikubaaqudgha
Makhleb
Nemelex Xobeh
Okawaru
Qazlal
Ru
Sif Muna
Trog
Uskayaw
Vehumet
Xom
Yredelemnul
Zin
The Shining One
Beogh

Shops:
D:3 *   D:5 =   D:7 %

Annotations:
D:2 Crazy Yiuf
D:4 Sigmund
D:7 Dowan, Duvessa


Message History

Aim: a gargoyle, wielding a morningstar The stone arrow hits the gargoyle.
The gargoyle hurls a stone arrow at you.
The stone arrow hits you!
Casting: Stone Arrow
Confirm with . or Enter, or press ? or * to list all spells.
Aiming: Petrify
Press: ? - help, Shift-Dir - straight line, f/p - gargoyle
Aim: a gargoyle, wielding a morningstar (chance to defeat MR: 56%)
The gargoyle is unaffected.
You hit the gargoyle but do no damage. The gargoyle barely misses you.
The gargoyle barely misses you.
The gargoyle hurls a stone arrow at you.
The stone arrow hits you!
The gargoyle hurls a stone arrow at you.
The stone arrow hits you!
* * * LOW HITPOINT WARNING * * *
The gargoyle hurls a stone arrow at you.
The stone arrow hits you!
You die...

# #..########### #.# #. #
#............# #.# #. #
#............# #.# #. #
#............# #.# #. #
#.....9......# #.# #. #
#............# #.# #. #
#............# #.# #. #
#............# #.# #. #
#.........@..# #.# #. #
#............# #.# #. #
#............# #.# #.
#######......<.....#####.#######.
.................................
................<................
#################################


You could see a gargoyle.

Vanquished Creatures
  A two-headed ogre (D:9)
  The ghost of psellion the Spear-Bearer, a novice FoFi of Makhleb (D:9)
  An ugly thing (D:11)
  A deep elf mage (D:12)
  A gargoyle (D:12)
  A komodo dragon (D:11)
  2 trolls (D:12)
  2 wraiths
  A hungry ghost (D:9)
  3 vampire mosquitoes (D:12)
  A soldier ant (D:11)
  A water moccasin (D:8)
  5 ice beasts
  2 sky beasts
  8 orc warriors
  3 centaurs
  2 necrophages
  5 ogres
  8 bullfrogs
  2 gnoll sergeants
  A water moccasin zombie (D:9)
  A hornet simulacrum (D:12)
  2 scorpions
  4 crimson imps
  2 centaur zombies
  2 bullfrog zombies
  11 orc priests
  2 hounds
  A quasit (D:10)
  3 bullfrog skeletons
  2 centaur skeletons
  A jelly (D:9)
  11 orc wizards
  6 worker ants
  2 iguanas
  Natasha (D:3)
  A hell rat (D:10)
  Terence (D:3)
  A hound skeleton (D:4)
  Robin (D:2)
  2 howler monkey zombies
  2 worker ant zombies
  8 adders
  24 gnolls
  3 river rats (D:10)
  2 shadow imps (D:6)
  An ooze (D:5)
  An adder zombie (D:10)
  An adder skeleton (D:5)
  A worm (D:2)
  4 dart slugs
  6 leopard geckos
  67 orcs
  4 giant cockroaches
  18 goblins
  14 hobgoblins
  12 jackals
  4 kobolds
  8 quokkas
  A ball python (D:2)
  8 bats
  7 frilled lizards
  A jackal zombie (D:6)
  2 leopard gecko skeletons
  A quokka skeleton (D:5)
  A quokka zombie (D:5)
  12 rats
322 creatures vanquished.

Notes
Turn   | Place    | Note
-------+----------+-------------------------------------------
     0 | D:1      | Gatuga the Deep Elf Earth Elementalist began the quest for the Orb.
     0 | D:1      | Reached XP level 1. HP: 10/10 MP: 6/6
   126 | D:1      | Reached XP level 2. HP: 15/15 MP: 8/8
   890 | D:1      | Reached XP level 3. HP: 19/19 MP: 10/10
  1279 | D:2      | Reached skill level 4 in Spellcasting
  1842 | D:2      | Reached XP level 4. HP: 24/24 MP: 12/12
  2298 | D:2      | Noticed Robin
  2306 | D:2      | Killed Robin
  2355 | D:2      | Found a runed door.
  2359 | D:2      | Noticed Crazy Yiuf
  2841 | D:3      | Noticed Terence
  2850 | D:3      | Learned a level 3 spell: Stone Arrow
  2900 | D:3      | Reached XP level 5. HP: 28/28 MP: 5/14
  2902 | D:3      | Reached skill level 5 in Spellcasting
  3463 | D:3      | Found Gozag's Platinum Reserve.
  3466 | D:3      | Found an opulent altar of Gozag.
  3476 | D:3      | Noticed Natasha
  3483 | D:3      | Killed Natasha
  3697 | D:3      | Killed Terence
  3697 | D:3      | Reached skill level 1 in Short Blades
  3697 | D:3      | Reached XP level 6. HP: 33/33 MP: 5/16
  3898 | D:4      | Noticed Sigmund
  4380 | D:5      | Entered Level 5 of the Dungeon
  4388 | D:5      | Found Digeo's Jewellery Shop.
  4488 | D:5      | Reached skill level 5 in Earth Magic
  4499 | D:5      | Reached skill level 6 in Spellcasting
  4844 | D:5      | Found a glowing golden altar of the Shining One.
  4844 | D:5      | Found a stormy altar of Qazlal.
  4893 | D:5      | Found a staircase to the Ecumenical Temple.
  4911 | D:5      | Found a snail-covered altar of Cheibriados.
  5021 | D:5      | Noticed an ice beast
  5025 | D:5      | Reached XP level 7. HP: 37/37 MP: 14/18
  5080 | D:5      | Reached skill level 7 in Spellcasting
  5245 | Temple   | Entered the Ecumenical Temple
  5364 | Temple   | Became a worshipper of Sif Muna the Loreminder
  5555 | D:6      | Reached XP level 8. HP: 40/42 MP: 17/21
  5660 | D:6      | Reached skill level 1 in Fighting
  5666 | D:6      | Reached skill level 1 in Conjurations
  5669 | D:6      | Reached skill level 5 in Stealth
  6154 | D:6      | Reached skill level 8 in Spellcasting
  6244 | D:6      | Learned a level 2 spell: Passwall
  6295 | D:6      | Found a shimmering altar of Xom.
  6505 | D:7      | Noticed Dowan
  6614 | D:7      | Reached skill level 1 in Armour
  6694 | D:7      | Reached * piety under Sif Muna
  6800 | D:7      | HP: 2/43 [orc priest/divine providence (15)]
  6887 | D:7      | Found Yban's Food Shop.
  7339 | D:7      | Noticed Duvessa
  7394 | D:8      | Reached XP level 9. HP: 47/47 MP: 8/23
  7615 | D:8      | Reached skill level 9 in Spellcasting
  8366 | D:9      | Reached ** piety under Sif Muna
  8440 | D:9      | Reached skill level 10 in Spellcasting
  8472 | D:9      | Noticed psellion's ghost (novice FoFi)
  8508 | D:9      | Killed psellion's ghost
  8639 | D:9      | Reached skill level 11 in Spellcasting
  8824 | D:9      | Noticed a two-headed ogre
  8828 | D:9      | Killed a two-headed ogre
  8828 | D:9      | Reached *** piety under Sif Muna
  8828 | D:9      | Reached skill level 5 in Dodging
  8828 | D:9      | Reached XP level 10. HP: 53/53 MP: 17/27
  8879 | D:9      | Found a staircase to the Orcish Mines.
  8887 | D:9      | Found a roughly hewn altar of Beogh.
  9146 | Orc:1    | Entered Level 1 of the Orcish Mines
  9146 | Orc:1    | Noticed an orc knight
  9146 | Orc:1    | Noticed an orc sorcerer
  9175 | D:10     | Entered Level 10 of the Dungeon
  9367 | D:10     | Noticed a death yak
  9372 | D:10     | Noticed a death yak
  9516 | D:10     | Reached skill level 12 in Spellcasting
  9695 | D:10     | Found a staircase to the Lair.
  9696 | D:10     | Noticed a death yak
 10146 | D:10     | Reached skill level 5 in Short Blades
 10146 | D:10     | Reached skill level 10 in Earth Magic
 10315 | D:11     | Reached **** piety under Sif Muna
 10447 | D:11     | Learned a level 5 spell: Lee's Rapid Deconstruction
 10452 | D:11     | Learned a level 4 spell: Petrify
 10599 | D:11     | Noticed a red ugly thing
 10612 | D:11     | Killed a red ugly thing
 11048 | D:12     | Reached XP level 11. HP: 32/59 MP: 18/29
 11056 | D:12     | Got a faintly humming hat
 11070 | D:12     | Identified the +0 hat of Immorality {rN+ Int+3 Stlth+} (You found it on level 12 of the Dungeon)
 11260 | D:12     | Noticed a deep elf mage
 11264 | D:12     | Reached skill level 13 in Spellcasting
 11267 | D:12     | Killed a deep elf mage
 11691 | D:12     | Killed from afar by a gargoyle

Skill      XL: |  1  2  3  4  5  6  7  8  9 10 11 |
---------------+----------------------------------+-----
Stealth        | 3 4 5 6 |  6.3
Earth Magic    | 4 5 6 7 9 10 11 | 11.0
Spellcasting   | 4 5 6 7 8 11 12 13 | 13.2
Dodging        | 3 4 5 |  5.9
Short Blades   | 1 2 4 5 |  5.3
Fighting       | 1 2 |  2.7
Conjurations   | 1 2 3 |  3.7
Armour         | 1 2 3 |  3.1
Transmutations | |  1.7

Action                   |  1- 3 |  4- 6 |  7- 9 | 10-12 || total
-------------------------+-------+-------+-------+-------++-------
Melee: Dagger            |    84 |   152 |   141 |   208 ||   585
       Short sword       |       |    19 |   150 |       ||   169
 Cast: Sandblast         |    21 |    74 |   102 |    85 ||   282
       Stone Arrow       |       |     6 |    50 |    28 ||    84
       Passwall          |       |       |     2 |       ||     2
       Petrify           |       |       |       |     9 ||     9
       Lee's Rapid Decon |       |       |       |     8 ||     8
  Use: Scroll            |     6 |     3 |     6 |     9 ||    24
       Potion            |       |       |     2 |     1 ||     3
 Stab: Sleeping          |     5 |     7 |     6 |     6 ||    24
       Distracted        |       |       |       |     1 ||     1
  Eat: Chunk             |     3 |    10 |     4 |     9 ||    26
       Bread ration      |       |       |     1 |       ||     1
       Meat ration       |       |       |     1 |       ||     1
Armor: Robe              |    18 |    40 |     9 |       ||    67
       Leather armour    |       |       |   100 |    65 ||   165
Dodge: Dodged            |    49 |   130 |   138 |   143 ||   460
